 Dungeon Crawl Stone Soup version 0.30-a0-672-gc3a7216ad8 (webtiles) character file.

Game seed: 4680076271885151134

56 Tocho the Conjurer (level 3, -10/26 HPs)
             Began as a Draconian Conjurer on Dec 5, 2022.
             Killed from afar by an orc wizard (12 damage)
             ... with a puff of flame
             ... on level 2 of the Dungeon on Jan 19, 2023.
             The game lasted 00:07:06 (1680 turns).

Tocho the Conjurer (Draconian Conjurer)             Turns: 1680, Time: 00:07:06

Health: -10/26     AC:  5    Str:  9    XL:     3   Next: 69%
Magic:  6/6        EV: 12    Int: 20    God:
Gold:   78         SH:  0    Dex:  9    Spells: 3/6 levels left

rFire   . . .      SeeInvis .    c - +1 short sword
rCold   . . .      Faith    .    (no shield)
rNeg    . . .      Spirit   .    (body armour unavailable)
rPois   .          Reflect  .    (helmet restricted)
rElec   .          Harm     .    (no cloak)
rCorr   .          Rampage  .    (no gloves)
Will    .....                    (no boots)
Stlth   ++                       (no amulet)
HPRegen 0.24/turn                (no ring)
MPRegen 0.10/turn                (no ring)

@: no status effects
A: AC +5, unfitting armour, cold-blooded
a: no special abilities


You were on level 2 of the Dungeon.
You visited 1 branch of the dungeon, and saw 2 of its levels.

You collected 78 gold pieces.

Inventory:

Hand Weapons
 c - a +1 short sword (weapon)
Jewellery
 k - a ring of ice
Scrolls
 b - a scroll of amnesia
 d - a scroll of butterflies {unknown}
 f - a scroll of enchant weapon
 g - a scroll of identify
Potions
 e - 2 potions of curing {unknown}
 j - a potion of flight


   Skills:
 + Level 0.4 Short Blades
 + Level 2.0 Dodging
 + Level 2.0 Stealth
 + Level 2.3 Spellcasting
 + Level 4.9 Conjurations


You had 3 spell levels left.
You knew the following spells:

 Your Spells              Type           Power      Damage    Failure   Level
a - Magic Dart            Conj           88%        1d7       1%          1
b - Searing Ray           Conj           44%        2d6       3%          2

Your spell library contained the following spells:

 Spells                   Type           Power      Damage    Failure   Level
 Dazzling Flash           Conj/Hex       24%        N/A       17%         3
 Fulminant Prism          Conj/Hex       6%         3d7       50%         4
 Iskenderun's Mystic Bla  Conj/Tloc      12%        2d5       50%         4


Dungeon Overview and Level Annotations

Branches:
Dungeon (2/15)

Altars:
Hepliaklqana


Innate Abilities, Weirdness & Mutations

Your plain brown scales are hard. (AC +5)
You cannot fit into any form of body armour.
You are cold-blooded and may be slowed by cold attacks.


Message History

You closely miss something. Something hits you.
You hit something.
You hear some strange, mumbled words.
Something tries to affect you, but you resist.
You closely miss something.
Your tail-slap misses something.
Something hits you but does no damage.
You miss something. Something hits you.
Casting: Searing Ray (safe; 3% risk of failure)
Confirm with . or Enter, or press ? or * to list all spells.
You can't see any susceptible monsters within range! (Use Z to cast anyway.)
You barely miss something.
Your tail-slap misses something.
Something hits you.
You hit something.
Your tail-slap misses something.
Something hits you but does no damage.
You miss something. Something hits you.
You miss something.
You hear some strange, mumbled words.
Something tries to affect you, but you resist.
You miss something.
Your tail-slap misses something.
You hear some strange, mumbled words.
A puff of flame appears from out of thin air!
The puff of flame hits you!
Casting: Searing Ray (safe; 3% risk of failure)
Confirm with . or Enter, or press ? or * to list all spells.
You can't see any susceptible monsters within range! (Use Z to cast anyway.) Unknown command.
You barely miss something. Something hits you but does no damage.
You barely miss something.
You hear some strange, mumbled words.
A puff of flame appears from out of thin air!
The puff of flame hits you!
* * * LOW HITPOINT WARNING * * *
Magic courses through your body. Something hits you but does no damage.
Casting: Searing Ray (safe; 3% risk of failure)
Confirm with . or Enter, or press ? or * to list all spells.
You can't see any susceptible monsters within range! (Use Z to cast anyway.)
You miss something.
You hear some strange, mumbled words.
A puff of flame appears from out of thin air!
The puff of flame hits you!
You die...

.........# .!#
#.#####.## #.#
#.# #.# #o# #.#
#.# #.######
#o# #......#
#.# ######.##
#.#
#####...####.#
...[.......@{)#
#........######
##......##
#.._...#
#......#
#......#
###.##.# #. ..


There were no monsters in sight!

Vanquished Creatures
  An orc wizard (D:2)
  A dart slug (D:2)
  An orc (D:2)
  2 bats (D:1)
  A goblin (D:1)
  2 hobgoblins (D:1)
  5 jackals (D:1)
  A kobold (D:1)
  4 quokkas
  A ball python (D:1)
  5 frilled lizards
  3 rats (D:1)
27 creatures vanquished.

Notes
Turn   | Place    | Note
-------+----------+-------------------------------------------
     0 | D:1      | Tocho the Draconian Conjurer began the quest for the Orb.
     0 | D:1      | Reached XP level 1. HP: 14/14 MP: 3/3
   372 | D:1      | Reached XP level 2. HP: 9/20 MP: 0/5
   420 | D:1      | Learned a level 2 spell: Searing Ray
  1509 | D:1      | Upgraded the game from 0.30-a0-393-g54b8e3be05 to
                  | 0.30-a0-672-gc3a7216ad8
  1550 | D:2      | Reached XP level 3. HP: 26/26 MP: 1/6
  1639 | D:2      | Found a hazy altar of Hepliaklqana.
  1680 | D:2      | Killed from afar by an orc wizard

Illustrated notes

Levels and vault maps discovered:
D:1:      amcnicky_arrival_abandoned_market, layout_basic,
          serial_co_window_serial, co_window_of_opportunity_a,
          co_window_of_opportunity_a, co_window_paths_a,
          co_window_of_opportunity_a, co_window_paths_a, co_window_paths_c,
          co_window_cross_4, co_window_corner_b, co_window_2corner,
          glass_columns_a, glass_columns_a, glass_columns_a, glass_columns_c,
          glass_columns_a, minmay_pentomino_z2
D:2:      minmay_chambers_of_ones, layout_loops_ring, basic_altar

Skill      XL: |  1  2  3 |
---------------+----------+-----
Dodging        | 2 |  2.0
Stealth        | 2 |  2.0
Short Blades   | |  0.4
Spellcasting   | |  2.3
Conjurations   | |  4.9

Action                   || total
-------------------------++-------
Melee: Short sword       ||    59
       Tailslap          ||     6
       Punch             ||     1
 Cast: Magic Dart        ||    11
       Searing Ray       ||    13
  Use: Scroll            ||     7
       Potion            ||     3
 Stab: Sleeping          ||     2
Armor: Skin              ||    28
Dodge: Dodged            ||    33

Table legend: (Time is in decaauts)
 A = Elapsed time spent in this place.
 B = Non-inter-level travel time spent in this place.
 C = Inter-level travel time spent in this place.
 D = Time resting spent in this place.
 E = Time spent auto-exploring this place.
 F = Levels seen in this place.
 G = Mean time per level.
                   A        B        C        D        E       F      G
               +--------+--------+--------+--------+--------+-----+--------+
         Total |   1678 |   1617 |     61 |     50 |   1312 |   2 |  839.0 |
       Dungeon |   1678 |   1617 |     61 |     50 |   1312 |   2 |  839.0 |
               +--------+--------+--------+--------+--------+-----+--------+

Top non-repeatable levels by time:
     D:1: 1522 daAuts
     D:2: 156 daAuts
